 Dungeon Crawl Stone Soup version 0.31-a0-986-g5e6e4ef867 (webtiles) character file.

Game seed: 12114446851113735218

109 mattiecakes the Trooper (level 4, 0/38 HPs)
             Began as a Barachi Fighter on Nov 16, 2023.
             Slain by Pikel
             ... wielding a +1 whip of flaming
              (1 damage)
             ... on level 4 of the Dungeon on Nov 17, 2023.
             The game lasted 00:04:19 (2413 turns).

mattiecakes the Trooper (Barachi Fighter)           Turns: 2413, Time: 00:04:20

Health: 0/38       AC:  8    Str: 20    XL:     4   Next: 90%
Magic:  4/4        EV:  9    Int:  8    God:
Gold:   173        SH:  5    Dex: 11    Spells: 3/3 levels left

rFire   . . .        o - +0 war axe (heavy)
rCold   . . .        c - +1 buckler
rNeg    . . .        b - +0 scale mail
rPois   .            (no helmet)
rElec   .            (no cloak)
rCorr   .            (no gloves)
SInv    .            g - +0 pair of boots
Will    .....        (no amulet) Stlth
                     (no ring)
HPRegen 0.26/turn    (no ring)
MPRegen 0.09/turn

%: no passive effects
@: mighty, slow
A: amphibious, slowness 1, strong legs 1, +LOS
a: Hop


You were on level 4 of the Dungeon.
You visited 1 branch of the dungeon, and saw 4 of its levels.

You collected 173 gold pieces.

Inventory:

Hand Weapons
 o - a +0 heavy war axe (weapon)
Armour
 b - a +0 scale mail (worn)
 c - a +1 buckler (worn)
 g - a +0 pair of boots (worn)
Jewellery
 f - a +4 ring of slaying
Scrolls
 a - a scroll of identify
 h - 2 scrolls of noise
Potions
 e - 2 potions of cancellation
 j - a potion of brilliance
 l - a potion of heal wounds {unknown}
 n - a potion of haste {unknown}


   Skills:
 + Level 4.5 Fighting
 + Level 3.2 Axes
 + Level 4.5 Armour
 + Level 4.1 Shields


You had 3 spell levels left.
You didn't know any spells.
Your spell library was empty.

Dungeon Overview and Level Annotations

Branches:
Dungeon (4/15)
 Temple: D:4-7

Altars:
Uskayaw
Xom

Annotations:
D:4 Pikel


Innate Abilities, Weirdness & Mutations

You are amphibious.
You cover ground slowly.
You can hop short distances.
You have an extended range of vision and can be seen from far away.


Message History

You feel very mighty all of a sudden.
Pikel shouts!
A lemure comes into view.
You slash the lemure!
The lemure is severely wounded.
A lemure comes into view.
The lemure closely misses you. The lemure hits you!
You barely miss the lemure.
The lemure is severely wounded.
You barely miss the lemure.
The lemure shouts!
The lemure hits you. The lemure misses you.
The lemure hits you but does no damage.
You hit the lemure.
The lemure is almost dead.
You hit Pikel. The lemure closely misses you. Pikel barely misses you.
You slash the lemure!
You kill the lemure!
That felt strangely unrewarding.
You slash the lemure! You slash Pikel!
Pikel says, "You'll make a fine lemure."
Pikel hits you with a +1 whip of flaming.
Pikel burns you. You block the lemure's attack.
The lemure completely misses you. The lemure hits you!
Pikel hits you with a +1 whip of flaming.
* * * LOW HITPOINT WARNING * * *
Pikel burns you.
* * * LOW HITPOINT WARNING * * *
You feel better. You block the lemure's attack. The lemure hits you.
You block Pikel's attack.
You slash Pikel!
Pikel is severely wounded.
You closely miss the lemure. You slash the lemure! The lemure hits you!
* * * LOW HITPOINT WARNING * * *
The lemure hits you.
* * * LOW HITPOINT WARNING * * *
Pikel hits you with a +1 whip of flaming.
* * * LOW HITPOINT WARNING * * *
Pikel burns you.
You die...
Pikel says, "Another soul for the market."

## #.# ..## #...##
.. #...####..#..##
..#
#....#...#...####..#
#......# #.......#
#......###555....#
#....###..@K#
###..###....##
###.....#..$.##
####...........##
.<............##
..........#...#
.........###.##
........## #..#
.......## #..#


You could see Pikel and 3 lemures.

Vanquished Creatures
  A lemure (D:4)
  5 adders
  A worm (D:2)
  A dart slug (D:1)
  An orc (D:3)
  8 ball pythons
  5 bats
  10 endoplasms
  7 hobgoblins
  7 kobolds
  A quokka (D:3)
  2 frilled lizards
  4 goblins
  4 rats
57 creatures vanquished.

Notes
Turn   | Place    | Note
-------+----------+-------------------------------------------
     0 | D:1      | mattiecakes the Barachi Fighter began the quest for the
                  | Orb.
     0 | D:1      | Reached XP level 1. HP: 18/18 MP: 1/1
   153 | D:1      | Reached XP level 2. HP: 23/25 MP: 2/2
   710 | D:2      | Reached XP level 3. HP: 30/30 MP: 3/3
  1016 | D:2      | Reached XP level 4. HP: 37/37 MP: 4/4
  1220 | D:2      | Found a shimmering altar of Xom.
  1373 | D:3      | Found a faded altar of an unknown god.
  1839 | D:3      | Found a hide-covered altar of Uskayaw.
  2404 | D:4      | Noticed a lemure
  2404 | D:4      | Noticed a lemure
  2405 | D:4      | Noticed Pikel
  2406 | D:4      | Noticed a lemure
  2408 | D:4      | Noticed a lemure
  2411 | D:4      | Killed a lemure
  2413 | D:4      | HP: 1/38 [Pikel/+1 whip of flaming (2)]
  2413 | D:4      | Slain by Pikel

Illustrated notes

Levels and vault maps discovered:
D:1:      dpeg_arrival_morbid_curiosity, layout_loops_ring,
          minmay_misc_feat_roman
D:2:      layout_basic, basic_altar
D:3:      layout_loops_ring, amcnicky_altar_gilded,
          nicolae_ecumenical_snake_handling, kennysheep_small_spiral,
          ebering_dispersal_statue_hall, chequers_mini_garden,
          minmay_misc_feat_columns
D:4:      layout_layer_cave, marbit_many_paths,
          mainiacjoe_sewer_entry_somewhere_in_here_2, nicolae_take_the_stairs,
          uniq_duvessa, uniq_ijyb, uniq_pikel

Skill      XL: |  1  2  3  4 |
---------------+-------------+-----
Fighting       | 4 |  4.5
Armour         | 4 |  4.5
Axes           | 3 |  3.2
Shields        | 4 |  4.1

Action                     |  1- 3 |  4- 6 || total
---------------------------+-------+-------++-------
  Melee: War axe           |    82 |   102 ||   184
    Use: Scroll            |       |     8 ||     8
         Potion            |       |     2 ||     2
 Armour: Scale mail        |    63 |    84 ||   147
  Dodge: Dodged            |    37 |    52 ||    89
  Block: Buckler           |    24 |    21 ||    45

Table legend: (Time is in decaauts)
 A = Elapsed time spent in this place.
 B = Non-inter-level travel time spent in this place.
 C = Inter-level travel time spent in this place.
 D = Time resting spent in this place.
 E = Time spent auto-exploring this place.
 F = Levels seen in this place.
 G = Mean time per level.
                   A        B        C        D        E       F      G
               +--------+--------+--------+--------+--------+-----+--------+
         Total |   2867 |   2753 |    114 |     87 |   2157 |   4 |  716.8 |
       Dungeon |   2867 |   2753 |    114 |     87 |   2157 |   4 |  716.8 |
               +--------+--------+--------+--------+--------+-----+--------+

Top non-repeatable levels by time:
     D:3: 1248 daAuts
     D:1: 824 daAuts
     D:2: 765 daAuts
     D:4: 30 daAuts
